1768 views
Uploaded 2023-01-20 21:17:15
Game version 1.35 (6115)
15:33 long 1on1 ladder game on (2)amazonia s3
Saved by DensitY
1768 views
Uploaded 2023-01-20 21:17:15
Game version 1.35 (6115)
15:33 long 1on1 ladder game on (2)amazonia s3

/ 0.6k
11 buildings @ 2.1k
/ 0.7k

| Wisp | 10 | 600 | / | 0 |
| Huntress | 31 | 6045 | / | 620 |
| total: | 41 | 6645g | / | 620w |
| Altar of Elders | 1 | 180 | / | 50 |
| Moon Well | 6 | 1080 | / | 240 |
| Hunter's Hall | 1 | 210 | / | 100 |
| Ancient of War | 2 | 300 | / | 120 |
| Tree of Life | 1 | 340 | / | 185 |
| Tree of Ages | 2 | 640 | / | 360 |
| Tree of Eternity | 1 | 330 | / | 200 |
| total: | 11 | 2110g | / | 695w |
| 0:03 | Altar of Elders |
| 0:03 | Wisp |
| 0:19 | Moon Well |
| 0:20 | Wisp |
| 0:38 | Wisp |
| 0:39 | Wisp |
| 0:39 | Wisp |
| 0:40 | Wisp |
| 0:43 | Wisp |
| 0:47 | Wisp |
| 0:47 | Wisp |
| 0:54 | Wisp |
| 1:30 | Hunter's Hall |
| 1:49 | Ancient of War |
| 2:12 | Trueshot Aura |
| 2:23 | Ancient of War |
| 2:36 | Moon Well |
| 2:55 | Huntress |
| 3:36 | Huntress |
| 3:37 | Huntress |
| 3:49 | Huntress |
| 4:02 | Moon Well |
| 4:13 | Huntress |
| 4:13 | Huntress |
| 4:22 | Searing Arrows |
| 4:52 | Moon Well |
| 4:55 | Moon Well |
| 5:08 | Huntress |
| 5:08 | Huntress |
| 5:29 | Huntress |
| 5:29 | Huntress |
| 5:57 | Huntress |
| 5:57 | Huntress |
| 6:18 | Huntress |
| 6:18 | Huntress |
| 6:25 | Strength of the Moon |
| 7:07 | Huntress |
| 7:07 | Huntress |
| 7:30 | Strength of the Wild |
| 7:34 | Tree of Ages |
| 7:43 | Trueshot Aura |
| 8:05 | Moon Well |
| 8:21 | Moon Armor |
| 9:52 | Huntress |
| 9:52 | Huntress |
| 9:52 | Huntress |
| 10:14 | Tree of Life |
| 10:24 | Searing Arrows |
| 10:40 | Huntress |
| 10:40 | Huntress |
| 11:09 | Moon Glaive |
| 11:10 | Improved Bows |
| 11:22 | Huntress |
| 11:22 | Huntress |
| 11:52 | Trueshot Aura |
| 12:50 | Improved Strength of the Moon |
| 12:52 | Tree of Eternity |
| 13:04 | Huntress |
| 13:04 | Huntress |
| 13:51 | Huntress |
| 13:51 | Huntress |
| 14:33 | Huntress |
| 14:33 | Huntress |
| 15:03 | Starfall |
| 15:16 | Huntress |
| 15:16 | Huntress |
| Right click | 1412 |
| Select group | 686 |
| Select | 217 |
| Assign group | 120 |
| Build/train/purchase | 59 |
| Use ability | 22 |
| Remove unit | 3 |
29 units @ 4.2k
/ 0.4k
12 buildings @ 1.3k
/ 0.5k


| Scroll of Regeneration | 4 | 400 |
| Potion of Healing | 1 | 150 |
| Lesser Clarity Potion | 2 | 140 |
| Potion of Mana | 1 | 200 |
| Potion of Invisibility | 2 | 200 |
| Staff of Teleportation | 1 | 150 |
| total: | 11 | 1240g |
| Peasant | 12 | 900 | / | 0 |
| Rifleman | 13 | 2665 | / | 390 |
| Priest | 2 | 270 | / | 20 |
| Forest Troll Shadow Priest | 2 | 390 | / | 20 |
| total: | 29 | 4225g | / | 430w |
| Altar of Kings | 1 | 180 | / | 50 |
| Farm | 7 | 560 | / | 140 |
| Barracks | 1 | 160 | / | 60 |
| Blacksmith | 1 | 140 | / | 60 |
| Arcane Vault | 1 | 130 | / | 30 |
| Arcane Sanctum | 1 | 150 | / | 140 |
| Keep | 1 | 320 | / | 210 |
| total: | 12 | 1320g | / | 480w |
| 0:03 | Altar of Kings |
| 0:07 | Farm |
| 0:12 | Peasant |
| 0:12 | Peasant |
| 0:12 | Peasant |
| 0:42 | Barracks |
| 1:07 | Farm |
| 1:09 | Peasant |
| 1:15 | Peasant |
| 1:28 | Peasant |
| 1:38 | Peasant |
| 1:44 | Peasant |
| 1:52 | Blacksmith |
| 2:11 | Flame Strike |
| 2:47 | Arcane Vault |
| 2:48 | Peasant |
| 2:48 | Peasant |
| 2:48 | Peasant |
| 2:48 | Peasant |
| 3:09 | Rifleman |
| 3:25 | Siphon Mana |
| 3:58 | Farm |
| 3:59 | Farm |
| 4:03 | Scroll of Regeneration |
| 5:12 | Keep |
| 5:24 | Flame Strike |
| 5:27 | Rifleman |
| 5:31 | Farm |
| 6:20 | Rifleman |
| 6:34 | Scroll of Regeneration |
| 6:39 | Scroll of Regeneration |
| 7:14 | Rifleman |
| 7:25 | Black Gunpowder |
| 7:25 | Studded Leather Armor |
| 7:35 | Potion of Healing |
| 7:49 | Long Rifles |
| 8:27 | Forest Troll Shadow Priest |
| 8:33 | Rifleman |
| 8:33 | Rifleman |
| 8:39 | Refined Gunpowder |
| 8:45 | Siphon Mana |
| 8:49 | Farm |
| 8:50 | Farm |
| 8:55 | Scroll of Regeneration |
| 9:14 | Arcane Sanctum |
| 9:52 | Forest Troll Shadow Priest |
| 10:44 | Flame Strike |
| 10:59 | Rifleman |
| 11:00 | Rifleman |
| 11:11 | Holy Light |
| 11:15 | Lesser Clarity Potion |
| 11:17 | Potion of Mana |
| 11:29 | Priest |
| 11:34 | Potion of Invisibility |
| 11:44 | Staff of Teleportation |
| 12:50 | Rifleman |
| 12:50 | Rifleman |
| 12:51 | Rifleman |
| 13:02 | Lesser Clarity Potion |
| 13:08 | Priest Adept Training |
| 13:21 | Reinforced Leather Armor |
| 13:49 | Potion of Invisibility |
| 14:09 | Priest |
| 14:10 | Rifleman |
| 14:52 | Rifleman |
| 14:57 | Summon Phoenix |
| 15:30 | Divine Shield |
| Right click | 727 |
| Select | 299 |
| Build/train/purchase | 89 |
| Misc. action | 72 |
| Use ability | 22 |
| Remove unit | 2 |
| Item give/drop | 1 |